Cogmind - Beta 16 @@@ ROGUE MODE // 2025.11.11 @ 18:38:21 Player: Lain Result: Destroyed by G-47 Trooper with Particle Gun Performance ------------- Evolutions (2) 1000 Regions Visited (3) 600 Robots Destroyed (70) 350 Value Destroyed (1642) 1642 Prototype IDs (8) 160 Alien Tech Used (0) 0 Bonus (26) 26 TOTAL SCORE: 3778 Bonus ------- High Alert Combat Kills 26 Cogmind --------- Core Integrity 0/550 Matter 295/300 Energy 100/100 System Corruption 1% Temperature Cool (9) Movement Core (350) Ox6 Location -8/Materials Parts ------- > --- POWER (2) -------- (None) > --- PROPULSION (4) --- (None) > --- UTILITY (2) ------ Large Storage Unit Targeting Computer > --- WEAPON (3) ------- (None) > --- INVENTORY (15) --- Faulty Heavy Particle Gun Enhanced Autogun Peak State ------------ > --- POWER ------------ Cooled Ion Engine Cooled Ion Engine > --- PROPULSION ------- Light Treads Armored Treads Compact Wheel Compact Wheel > --- UTILITY ---------- Large Storage Unit Improved Light Armor Plating > --- WEAPON ----------- Heavy Particle Cannon Enhanced Autogun Improved Datajack > --- INVENTORY -------- Light Treads Targeting Computer Heavy EM Pulse Gun Datajack [Rating: 26] Favorites ----------- Power Cooled Ion Engine Engine Cooled Ion Engine Propulsion Light Treads Treads Light Treads Wheel Compact Wheel Flight Unit Improved Flight Unit Utility Small Storage Unit Device Improved Sensor Array Storage Small Storage Unit Processor Transport Network Coupler Hackware Hacking Suite Protection Improved Light Armor Plating Weapon Light Assault Rifle Energy Gun EM Pulse Gun Energy Cannon Improved EM Pulse Cannon Ballistic Gun Light Assault Rifle Ballistic Cannon Improved Light Cannon Launcher Grenade Launcher Special Melee Weapon Improved Datajack Build | -11 -10 -9 -8 ------- Run | Yrd Mat Mat Mat Slots Evolved 4 | . . 2 2 Power 1 | . . . 1 Propulsion 2 | . . 2 . Utility . | . . . . Weapon 1 | . . . 1 Parts Attached 60 | 7 14 16 23 Power 8 | 1 2 3 2 Engine 8 | 1 2 3 2 Core . | . . . . Reactor . | . . . . Propulsion 25 | 4 5 8 8 Treads 11 | 2 . 5 4 Leg . | . . . . Wheel 13 | 2 5 2 4 Hover . | . . . . Flight 1 | . . 1 . Utility 8 | 1 1 1 5 Device 2 | . . . 2 Storage 2 | 1 . . 1 Processor 2 | . . 1 1 Hackware 1 | . 1 . . Protection 1 | . . . 1 Artifact . | . . . . Weapon 19 | 1 6 4 8 Energy Gun 2 | 1 . . 1 Energy Cannon 5 | . . 1 4 Ballistic Gun 6 | . 3 2 1 Ballistic Cannon 2 | . 1 1 . Launcher 1 | . 1 . . Special Weapon . | . . . . Impact Weapon . | . . . . Slashing Weapon . | . . . . Piercing Weapon . | . . . . Special Melee Weapon 3 | . 1 . 2 Unidentified Prototypes 8 | . . 6 2 Parts Lost 21 | . 1 5 15 Power 3 | . . . 3 Propulsion 7 | . . 2 5 Utility 3 | . . 1 2 Weapon 8 | . 1 2 5 Highest Loss Streak 11 | . 1 2 11 To Critical Strikes 1 | . . . 1 Average Backups 5 | 2 6 6 4 Power . | . 1 . . Propulsion 2 | 1 2 1 2 Utility 1 | . . 2 1 Weapon 1 | . 1 2 . Tool/Special . | . . . . Unused Backups 6 | . . 3 3 Power . | . . . . Propulsion 1 | . . . 1 Utility 2 | . . 2 . Weapon 3 | . . 1 2 Tool/Special . | . . . . Average Slot Usage (%) 95 | . 97 93 95 Engine 13 | . 14 11 16 Treads 13 | . . 21 17 Wheel 21 | . 27 18 17 Storage 11 | . 14 11 8 Processor 2 | . . 4 3 Hackware 5 | . 13 4 . Protection 1 | . . . 4 Energy Gun 3 | . 11 . . Energy Cannon 4 | . . . 12 Ballistic Gun 9 | . 12 8 7 Ballistic Cannon 4 | . . 13 . Special Melee Weapon 2 | . 2 . 4 Peak Build Rating 26 | 5 13 18 26 Average Rating 15 | 3 8 14 22 On Entrance 8 | . 5 12 15 Avg Prop Armor Cover (%) 15 | . . 16 15 Naked Turns . | . . . . Heaviest Build 54 | 10 13 21 54 Greatest Support 60 | 26 32 60 32 Greatest Overweight (x) 6 | . 3 5 6 Average Overweight (x) . | . . . 1 Largest Inventory Capacity 15 | 8 8 8 15 Average Capacity 9 | 6 8 8 12 Most Carried 9 | 5 8 8 9 Average Carried 5 | 2 6 6 4 Final Capacity 15 | 8 8 8 15 Final Carried 7 | 3 7 7 2 Class Distribution -------------------- 77% | Mutant 7% | Scavenger-Skirmisher 7% | Scavenger-Mutant 4% | Tank Dominant Class ---------------- Mutant | -10/Materials Mutant | -9/Materials Mutant | -8/Materials Resources | -11 -10 -9 -8 ----------- Run | Yrd Mat Mat Mat Matter Collected 1665 | 160 228 836 441 Remotely . | . . . . Salvage Created 2134 | . 334 721 1079 Parts 140 | . 26 54 60 Haulers Intercepted 8 | . 1 4 3 Recyclers Shooed 1 | . . 1 . Parts Field Recycled . | . . . . Retrieved Matter . | . . . . Parts Self-Destructed . | . . . . Prevented . | . . . . Parts Restored . | . . . . Kills | -11 -10 -9 -8 ------- Run | Yrd Mat Mat Mat Combat Hostiles Destroyed 50 | . 8 23 19 Guns 24 | . 8 7 9 Cannons 26 | . . 16 10 Classes Destroyed 10 | . 5 2 3 Worker 1 | . . 1 . Builder 1 | . . . 1 Hauler 8 | . 1 4 3 Mechanic 1 | . . . 1 Operator 2 | . 1 1 . Watcher 7 | . 3 2 2 Swarmer 22 | . 6 10 6 Grunt 19 | . 2 11 6 Sentry 8 | . . 2 6 Hunter 1 | . . . 1 Best Kill Streak 6 | . 3 6 5 Combat Bots Only 5 | . 3 5 5 Max Kills in Single Turn 1 | . 1 1 1 Gunslinging . | . . . . Exploded . | . . . . Melee . | . . . . Uniques/NPCs Destroyed . | . . . . Combat | -11 -10 -9 -8 -------- Run | Yrd Mat Mat Mat Hostile Shots Fired 445 | . 42 151 252 Missed 128 | . 16 36 76 Hits 317 | . 26 115 176 Melee 4 | . . . 4 Projectile 313 | . 26 115 172 Critical Strikes 10 | . . 1 9 Damage Taken 4010 | . 289 1116 2605 Core 751 | . 42 153 556 Absorbed by Shields . | . . . . Regen/Repaired (Parts) 72 | . . . 72 Core Remaining (%) 81 | 100 83 61 . Volleys Fired 247 | 1 51 86 109 Largest 3 | 1 2 2 3 Hottest 158 | 40 60 66 158 Shots Fired 380 | 1 61 146 172 Gun 194 | 1 59 44 90 Cannon 186 | . 2 102 82 Launcher . | . . . . Special . | . . . . Kinetic 251 | . 15 146 90 Thermal 45 | . . . 45 Explosive . | . . . . Electromagnetic 84 | 1 46 . 37 Robot Hit Streak 12 | . 9 12 11 Robot Miss Streak 7 | . 6 7 4 Penetration Max . | . . . . Secondary Targets 2 | . . 2 . Max Gunslinging Chain 1 | . . 1 . Shots Hit Robots 223 | . 38 85 100 Core Hits 104 | . 17 40 47 Critical Kills 1 | . . . 1 Critical Parts Destroyed . | . . . . Critical Strikes 6 | . . 4 2 Destroy 1 | . . . 1 Blast 4 | . . 4 . Corrupt 1 | . . . 1 Melee Attacks 4 | . 1 . 3 Impact . | . . . . Slashing . | . . . . Piercing . | . . . . Sneak Attacks 3 | . . . 3 Combat Hostiles . | . . . . Follow-up Attacks . | . . . . Damage Inflicted 3988 | . 518 1593 1877 Guns 1479 | . 518 292 669 Cannons 2467 | . . 1297 1170 Explosions 34 | . . . 34 Melee . | . . . . Ramming 8 | . . 4 4 Kinetic 2350 | . 92 1589 669 Thermal 606 | . . . 606 Explosive . | . . . . Electromagnetic 1024 | . 426 . 598 Impact . | . . . . Slashing . | . . . . Piercing . | . . . . Highest Corruption 4 | . . 4 1 Average Corruption 3 | . . 3 1 Corruption Purged . | . . . . Corruption Blocked . | . . . . Effects 24 | . . 24 . Message Errors 8 | . . 8 . Matter Fused 3 | . . 3 . Heat Flow Errors 1 | . . 1 . Energy Discharges 3 | . . 3 . Parts Rejected 2 | . . 2 . Data Loss (minor) 3 | . . 3 . Data Loss (major) 2 | . . 2 . Weapon Failures 2 | . . 2 . Overload Shots . | . . . . Overflow Damage 78 | . . 11 67 Projectiles 45 | . . 11 34 Explosions 33 | . . . 33 Melee . | . . . . Knockbacks 15 | . . 15 . Impact . | . . . . Kinetic 14 | . . 14 . Secondary 1 | . . 1 . Self-Inflicted Damage 49 | . . 1 48 Shots 1 | . . . 1 Rammed 3 | . . 2 1 Targets Rammed 3 | . . 2 1 Kicked . | . . . . Crushed . | . . . . Highest Temperature 545 | . 47 263 545 Average Temperature 105 | . 20 29 130 Received Heat Transfer 1401 | . 51 342 1008 Effects 12 | . . . 12 Shutdowns 4 | . . . 4 Interference 2 | . . . 2 Matter Decay 1 | . . . 1 Short Circuit 2 | . . . 2 Damage (minor) 3 | . . . 3 Siege Activations . | . . . . Martial Activations . | . . . . Shielding Activations . | . . . . Robots Disrupted . | . . . . Combat Hostiles . | . . . . Robots Corrupted . | . . . . Combat Hostiles . | . . . . Parts Fried 6 | . 3 . 3 Impact Corruptions 1 | . . 1 . Robots Melted . | . . . . Combat Hostiles . | . . . . Parts Melted . | . . . . Heat Transferred 975 | . . . 975 Parts Sabotaged . | . . . . Parts Stolen . | . . . . Parts Stripped . | . . . . Power Chain Reactions 1 | . . . 1 Alert | -11 -10 -9 -8 ------- Run | Yrd Mat Mat Mat Maximum Alert Level 2 | . . 2 1 Low Security (%) 62 | 100 100 64 26 Level 1 30 | . . 13 73 Level 2 7 | . . 21 . Level 3 . | . . . . Level 4 . | . . . . Level 5 . | . . . . High Security . | . . . . Max Security . | . . . . Peak Influence 501 | . 70 501 381 Initial 191 | . . . 191 Average 152 | . 14 164 266 Influence Increases 1678 | . 244 792 642 Destroy 0b10 Robot/C 1000 | . 160 460 380 Destroy 0b10 Robot/NC 100 | . 25 40 35 Destroy Leader 260 | . 38 102 120 Successful Hack 5 | . 5 . . Disable Machine 90 | . 15 30 45 Destroy Structure 28 | . 1 10 17 Lose Combat Pursuer 195 | . . 150 45 Influence Decreases 1441 | . 244 339 858 Entered New Map 262 | . . . 262 Time Decay 979 | . 234 299 446 Lost Part 200 | . 10 40 150 Squads Dispatched 12 | . . 4 8 Investigation 3 | . . 2 1 Extermination . | . . . . Reinforcement 3 | . . 2 1 Assault . | . . . . Garrison 6 | . . . 6 Intercept . | . . . . Searches Triggered . | . . . . Construction Impeded . | . . . . Haulers Reinforced . | . . . . Active Scanning Responses . | . . . . Cargo Convoy Interrupts . | . . . . Stealth | -11 -10 -9 -8 --------- Run | Yrd Mat Mat Mat Distress Signals 8 | . . 3 5 Communications Jammed . | . . . . Distress Signals . | . . . . Times Spotted 93 | . 16 34 43 Peak Tracking Total 10 | . 3 5 10 Tactical Retreats 8 | . . 5 3 Traps | -11 -10 -9 -8 ------- Run | Yrd Mat Mat Mat Traps Triggered 4 | . 1 2 1 Indirectly . | . . . . Trap Hack Attempts . | . . . . Triggered . | . . . . Disarmed . | . . . . Reprogrammed . | . . . . Reused . | . . . . Traps Extracted . | . . . . Installed . | . . . . Triggered . | . . . . Machines | -11 -10 -9 -8 ---------- Run | Yrd Mat Mat Mat Machines Disabled 6 | . 1 2 3 Max in Single Turn 1 | . 1 1 1 Machines Repaired . | . . . . Machines Dismantled . | . . . . Machines Sabotaged . | . . . . Overloaded Fab Kills . | . . . . Hacking | -11 -10 -9 -8 --------- Run | Yrd Mat Mat Mat Machines Accessed 14 | . 6 6 2 Terminals 7 | . 5 2 . Fabricators . | . . . . Repair Stations 2 | . . 1 1 Recycling Units 4 | . 1 2 1 Scanalyzers 1 | . . 1 . Garrison Access . | . . . . Total Hacks 36 | . 12 20 4 Successful 24 | . 7 14 3 Failed 11 | . 5 5 1 Catastrophic 2 | . 1 1 . Database Lockouts 1 | . . 1 . Manual . | . . . . Terminals 14 | . 10 4 . Fabricators . | . . . . Repair Stations 6 | . . 3 3 Recycling Units 10 | . 2 7 1 Scanalyzers 6 | . . 6 . Garrison Access . | . . . . Terminal Hacks 8 | . 5 3 . Record 1 | . . 1 . Alert Level 1 | . 1 . . Dispatch Records 1 | . 1 . . Maintenance Status 1 | . 1 . . Transport Status 1 | . . 1 . Registered Prototypes 1 | . 1 . . Zone Layout 2 | . 1 1 . Fabricator Hacks . | . . . . Repair Station Hacks 3 | . . 1 2 Scan Component 2 | . . 1 1 Repair 1 | . . . 1 Recycling Unit Hacks 9 | . 2 6 1 Recycle Component 1 | . . 1 . Process 2 | . . 2 . Report Inventory 3 | . 1 1 1 Retrieve Matter 2 | . . 2 . Retrieve Components 1 | . 1 . . Scanalyzer 4 | . . 4 . Insert Component 1 | . . 1 . Analyze 1 | . . 1 . Retrieve Study 2 | . . 2 . Garrison Access Hacks . | . . . . Unauthorized Hacks . | . . . . Terminals . | . . . . Fabricators . | . . . . Repair Stations . | . . . . Recycling Units . | . . . . Scanalyzers . | . . . . Garrison Access . | . . . . Data Cores Recovered 1 | . 1 . . Used . | . . . . Hacking Detections 12 | . 6 4 2 Full Trace Events 3 | . . 2 1 Feedback Events 1 | . . 1 . Hackware Fried 1 | . . 1 . Feedback Blocked . | . . . . Robot Schematics Acquired . | . . . . Robots Built . | . . . . Authchips . | . . . . Time . | . . . . Total Robot Build Rating . | . . . . Part Schematics Acquired 1 | . . 1 . Parts Built . | . . . . Authchips . | . . . . Time . | . . . . Total Part Build Rating . | . . . . Part Studies Acquired 2 | . . 2 . Parts Repaired 1 | . . . 1 Time 51 | . . . 51 Parts Recycled 1 | . . 1 . Recycled Matter 297 | . . 297 . Retrieved Matter 360 | . . 360 . Retrieved Components 4 | . 4 . . Parts Scanalyzed 1 | . . 1 . Part Schematics Acquired 1 | . . 1 . Parts Damaged . | . . . . Bothacking | -11 -10 -9 -8 ------------ Run | Yrd Mat Mat Mat Used RIF Installer . | . . . . Robots Hacked 3 | . 1 . 2 Non-combat 3 | . 1 . 2 Combat . | . . . . Robot Hacks Applied 3 | . 1 . 2 parse_system 1 | . . . 1 no_distress 2 | . 1 . 1 Relay Couplers Released . | . . . . Fabnet Peak Effective % . | . . . . Robots Rewired . | . . . . Allies Hacked . | . . . . Hacks Repelled . | . . . . Allies | -11 -10 -9 -8 -------- Run | Yrd Mat Mat Mat Total Allies . | . . . . Largest Group . | . . . . Highest-Rated Group . | . . . . Highest-Rated Ally . | . . . . Total Orders . | . . . . Ally Attacks . | . . . . Total Damage . | . . . . Kills . | . . . . Allies Corrupted . | . . . . Allies Melted . | . . . . Intel | -11 -10 -9 -8 ------- Run | Yrd Mat Mat Mat Active Infowar (turns) 791 | . . 473 318 Sensors 52 | . . . 52 T.N.C. 739 | . . 473 266 Robot Analysis Total . | . . . . Derelict Logs Recovered . | . . . . Drone Launches . | . . . . Drone Recoveries . | . . . . Exploration | -11 -10 -9 -8 ------------- Run | Yrd Mat Mat Mat Turns Passed 3228 | 57 964 1097 1110 Spaces Moved 2470 | 53 905 822 690 Core 40 | 20 2 16 2 Treads 32 | . . 28 4 Legs . | . . . . Wheels 2398 | 33 903 778 684 Hover . | . . . . Flight . | . . . . Fastest Speed 50 | 50 80 85 80 Average Speed 98 | 74 89 97 113 Slowest Speed 350 | 90 200 300 350 Overloaded Moves . | . . . . Propulsion Burnouts . | . . . . Robots Hopped . | . . . . Potential Cave-ins . | . . . . Cave-ins Triggered . | . . . . Exploration Rate (%) 48 | 3 98 49 44 Regions Visited 3 Branch Regions . Pre-discovered Areas . | . . . . Known Exits Taken . | . . . . Unknown Exits Taken 3 | 1 1 1 . Scrap Searched . | . . . . Spaces Dug 4 | . 1 1 2 Terrain Destroyed 25 | . 1 8 16 Melee . | . . . . Projectile 21 | . 1 8 12 AOE 4 | . . . 4 Terrain Rammed . | . . . . Walls Destroyed . | . . . . Machines Disabled . | . . . . Actions | -11 -10 -9 -8 --------- Run | Yrd Mat Mat Mat Total 2923 | 68 1006 971 878 Wait . | . . . . Move 2467 | 52 904 821 690 Hop . | . . . . Pick Up 73 | 8 18 22 25 Fast Attach 2 | . 1 1 . Attach 32 | 5 4 12 11 Detach 1 | . . . 1 Swap 46 | 2 11 15 18 Drop 48 | . 16 12 20 Fire 247 | 1 51 86 109 Melee 4 | . 1 . 3 Ram 2 | . . 1 1 Kick . | . . . . Crush 1 | . . 1 . Escape Stasis . | . . . . Rewire . | . . . . Trap . | . . . . Miscellaneous . | . . . . Route ------- -11/Scrapyard -10/Materials (discovered 5 exits: *Mat x3 / [*Min x2]) -9/Materials (discovered 2 exits: *Mat x2) -8/Materials History --------- Turn | Location | Event 7 | -11/Scrapyard | Discovered new exit (range 13) 58 | -11/Scrapyard | Entered Materials 161 | -10/Materials | Discovered new exit (range 14) 300 | -10/Materials | Build established: Mutant 426 | -10/Materials | Discovered new exit (range 15) 496 | -10/Materials | Discovered new exit (range 16) 738 | -10/Materials | Discovered new exit (range 14) 965 | -10/Materials | Discovered new exit (range 16) 1022 | -10/Materials | Entered another Materials area 1022 | -9/Materials | Evolved 2 slots: Propulsion x2 1317 | -9/Materials | Central database locked down 1475 | -9/Materials | Hacking Suite fried by hacking feedback 1525 | -9/Materials | Discovered new exit (range 6) 2074 | -9/Materials | Discovered new exit (range 9) 2119 | -9/Materials | Entered another Materials area 2119 | -8/Materials | Evolved 2 slots: Power x1, Weapon x1 2443 | -8/Materials | Repaired Cld. Ion Engine 2449 | -8/Materials | Garrison activated, responded to threat 2975 | -8/Materials | Garrison activated, responded to threat 3196 | -8/Materials | Core integrity fell below 50% 3216 | -8/Materials | Core integrity fell below 20% 3229 | -8/Materials | Destroyed by G-47 Trooper with Particle Gun Last Messages --------------- 03200_ Knocked back. 03201_ K-01 Serf destroyed. 03202_ Acquired 29 matter. 03202_ R-06 Scavenger collects Wheel. 03203_ Acquired 21 matter. 03204_ Lgt. Treads destroyed. 03205_ Critical hit (Burn: +37). 03207_ Arm. Treads destroyed. 03207_ Critical hit (Burn: +37). 03207_ U-05 Engineer builds a Door. 03207_ Broken Imp. Ion Engine destroyed. 03207_ R-06 Scavenger collects Terrain Scan Processor. 03208_ R-06 Scavenger collects Lgt. Ion Engine. 03210_ R-06 Scavenger collects Wheel. 03212_ Wheel destroyed. 03213_ R-06 Scavenger collects Med. Matter Pod. 03214_ Wheel destroyed. 03214_ Imp. Heat Sink destroyed. 03219_ R-06 Scavenger collects Broken Com. Wheel. 03224_ Lgt. Treads destroyed. Map ----- +----------------------------------------------------+ | ?#= """ # #???# ## # # """ #?? | | ?# """"" #+##+####### ########## % # #?? | | ?# """"" # # #????????# #########?? | | ?# """"" + # #????????# ####??????? | | ?# """ # # #????????# !##?????? | | ?# ]######## # #????????# !#?????? | | ?# = #??????# # #????????# !#?????? | | ?# #?####?# # #????????# !#?????? | | ?################# ###+########### !#?????? | | ?????# # !##?????? | | ?????# % # ####??????? | | ?????# " "" # #?????????? | | ?????# """ """ # """ """ #?????????? | | ?????# """ "" # """ """ #?????????? | | ###### % # % """ """ " " #?????????? | | ########+##### "G" #?????????? | | | """ ????????? | | " == ??????? | | = % ??????? | | ####### Y %##################### ????? | | # #####???# g #????##??????????????##/#???? | | # #???????# g #??????????????????????? ???? | | # #???????# g ########????????????????????? | | # #???????# """ gxg #????????????????????? | | # #???????# #????????????????????? | | # #???????# @ #????????????????????? | | # #???????############### #????????????????????? | | # #?????????????????????# #????????????????????? | | # #?????????????????????# #????????????????????? | | ? ??????????????????????# #????????????????????? | | ? ??????????????????????# #????????????????????? | | ? ??????????????????????# #????????????????????? | | ? ??????????????????????# #????????????????????? | | ?#??????????????????????# +????????????????????? | | ????????????????????????? #????????????????????? | | ????????????????????????? #????????????????????? | | ????????????????????????? #????????????????????? | | ????????????????????????? #????????????????????? | | ????????????????????????? #????????????????????? | | ????????????????????????? #????????????????????? | | ????????????????????????? ?????????????????????? | | ?????????????????????????????????????????????????? | | ?????????????????????????????????????????????????? | | ?????????????????????????????????????????????????? | | ?????????????????????????????????????????????????? | | ?????????????????????????????????????????????????? | | ?????????????????????????????????????????????????? | | ?????????????????????????????????????????????????? | | ?????????????????????????????????????????????????? | | ?????????????????????????????????????????????????? | +----------------------------------------------------+ Best States ------------- Heat Dissipation 45 Energy Generation 23 Energy Capacity 460 Matter Stores 300 Matter Capacity 300 Sight Range 16 Robot Scan Range 15 Terrain Scan Density 10 Armor Coverage 150 Evasion (%) 50 Targeting Accuracy 5 Recoil Reduction 3 Offensive Hacking 10 Item Schematics ----------------- Imp. Light Cannon | -9/Materials | Scanalyzed Robot Schematics ------------------ None Fabricated ------------ Nothing Repaired ---------- Cld. Ion Engine | 34% | -8/Materials Studied --------- Imp. Light Cannon | -9/Materials | Hacked Lgt. Assault Rifle | -9/Materials | Hacked Alien Tech Used ----------------- None Achievements -------------- Bumper Bots Heavy Suspicion Junior Dev Not Today, Chutes Challenges ------------ None Game ------ Seed PointyBoreScrap Manual? 0 Play Time 01:00:00 Cumulative 10.6 hours Start 2025.11.11 @ 17:38:03 End 2025.11.11 @ 18:38:21 Sessions 1 Manual Loads 0 Difficulty Rogue Special Mode None Game No. 19 Rogue 14 Adventurer 5 Explorer 0 Win Type - Total 0 Types 0/0/0/0/0/0/0/0/0/0 Lore% 7 Gallery% 13 Achievement% 11 Wizard Run 0 Options --------- Layout 0 ASCII 1 Keyboard 0 Movement Mouse Keybinds 0 Fullscreen 1 Font 18/SmallcapsGlow Map View 76x50 Zoom Use 0% Tactical HUD 1 Map Filters NONE Filters NONE Steam 1 RUN: fc1f8027-6efa-46c5-b9e4-90c8bc9b3ac7